 Dungeon Crawl Stone Soup version 0.32-a0-975-g85d4e5bfdb (webtiles) character file.

Game seed: 16342042627009386287

1918 Hubris850 the Thaumaturge (level 8, -9/41 HPs)
             Began as a Deep Elf Summoner on Apr 18, 2024.
             Was a Follower of Ashenzari.
             Killed by an exploding blazeheart core (12 damage)
             ... on level 6 of the Dungeon.
             The game lasted 00:29:27 (4754 turns).

Hubris850 the Thaumaturge (Deep Elf Summoner)       Turns: 4754, Time: 00:29:27

Health: -9/41      AC:  6    Str: 11    XL:     8   Next: 95%
Magic:  24/24      EV: 13    Int: 23    God:    Ashenzari [*.....]
Gold:   158        SH:  0    Dex: 15    Spells: 17/27 levels left

rFire   . . .        s - +2 quarterstaff (chaos)
rCold   . . .        (shield currently unavailable)
rNeg    . . .        a - +0 robe "Share My Fetters" {Sorc, Melee} (curse)
rPois   .            (no helmet)
rElec   .            t - +0 cloak "Omniscient Suspicion" {Fort, Cun} (curse)
rCorr   .            (no gloves)
SInv    .            r - +2 pair of boots
Will    .....        C - amulet of magic regeneration
Stlth   +++          B - +6 ring of strength
HPRegen 0.26/turn    (no ring)
MPRegen 0.59/turn

%: no passive effects
@: unable to call your familiar
A: no striking features
a: Renounce Religion, Shatter the Chains


You were on level 6 of the Dungeon.
You worshipped Ashenzari.
Ashenzari was aware of your devotion.
You visited 2 branches of the dungeon, and saw 6 of its levels.

You collected 158 gold pieces.

Inventory:

Hand Weapons
 f - a +0 short sword
 g - a +0 dagger
 j - a +1 short sword of holy wrath
 s - a +2 quarterstaff of chaos (weapon)
 v - a +1 long sword of holy wrath
Missiles
 n - 5 poisoned darts
 z - 16 darts of dispersal
Armour
 a - the cursed +0 robe "Share My Fetters" (worn) {Sorc, Melee}

   It has a curse which improves the following skills: Sorcery: Conjurations and
   Alchemy.
   Melee Combat: Short Blades, Long Blades, Axes, Maces & Flails, Polearms,
   Staves and Unarmed Combat.
 r - a +2 pair of boots (worn)
 t - the cursed +0 cloak "Omniscient Suspicion" (worn) {Fort, Cun}
   (You took it off Crazy Yiuf on level 5 of the Dungeon)

   It has a curse which improves the following skills: Fortitude: Armour and
   Shields.
   Cunning:   Dodging and Stealth.
Jewellery
 B - a +6 ring of strength (left hand)
 C - an amulet of magic regeneration (around neck)
Wands
 p - a wand of iceblast (13)
 u - a wand of flame (21)
 x - a wand of mindburst (4)
Scrolls
 c - 3 scrolls of revelation
 e - 2 scrolls of immolation
 i - 5 scrolls of identify
 k - 2 scrolls of teleportation
 m - 2 scrolls of fog
 o - a scroll of vulnerability
 q - 3 scrolls of amnesia
 w - 3 scrolls of noise
 y - a scroll of summoning
 A - a scroll of poison
Potions
 b - 2 potions of magic
 d - a potion of berserk rage
 h - a potion of haste
 l - 2 potions of heal wounds


   Skills:
 - Level 4.0(4.7) Dodging
 - Level 4.0(4.7) Stealth
 + Level 10.3 Spellcasting
 + Level 9.4 Summonings
 + Level 2.6 Fire Magic


You had 17 spell levels left.
You knew the following spells:

 Your Spells              Type           Power      Damage    Failure   Level
a - Summon Small Mammal   Summ           100%       N/A       1%          1
b - Call Imp              Summ           100%       N/A       1%          2
c - Call Canine Familiar  Summ           53%        N/A       1%          3
d - Summon Blazeheart Go  Fire/Summ      39%        N/A       4%          4

Your spell library contained the following spells:

 Spells                   Type           Power      Damage    Failure   Level
 Summon Lightning Spire   Summ/Air       33%        N/A       8%          4
 Ensorcelled Hibernation  Hex/Ice        22%        N/A       9%          2
 Fugue of the Fallen      Necr           11%        N/A       16%         3
 Anguish                  Hex/Necr       5%         N/A       47%         4


Dungeon Overview and Level Annotations

Branches:
Dungeon (6/15)             Temple (1/1) D:4

Altars:
Ashenzari
Cheibriados
Elyvilon
Gozag
Hepliaklqana
Kikubaaqudgha
Makhleb
Nemelex Xobeh
Okawaru
Qazlal
Sif Muna
Uskayaw
Vehumet
Wu Jian
Xom
Yredelemnul
The Shining One


Message History

The orc warrior misses your inugami.
Your inugami hits the orc warrior.
The orc priest barely misses your inugami.
The orc warrior hits your inugami with a +0 dire flail.
Your inugami hits the orc warrior!
The orc warrior dies!
The orc priest hits your inugami with a +0 hand axe.
Your inugami dies!
Your inugami disappears in a puff of smoke!
The orc priest hits your blazeheart golem with a +0 hand axe!
The orc priest hits your blazeheart golem but does no damage.
The orc priest looks braver for a moment.
The orc priest hits your blazeheart golem with a +0 hand axe.
Your blazeheart golem's core flares to life once more.
The orc priest invokes the aid of Beogh against you.
Beogh smites you!
Your blazeheart golem punches the orc priest!
The orc priest completely misses your blazeheart golem.
The orc priest mumbles some strange prayers to Beogh against you.
Beogh smites you!
* * * LOW HITPOINT WARNING * * *
Your blazeheart golem barely misses the orc priest.
The orc priest hits your blazeheart golem with a +0 hand axe.
The orc priest hits your blazeheart golem with a +0 hand axe.
Your blazeheart golem punches the orc priest!!
The orc priest dies!
Your blazeheart golem falls apart, revealing its core!
Press: ? - help, v - describe, . - travel
Here: a blazeheart core (unaware, friendly)
The floor.
Unknown command.
What are your orders? t - Shout!
Orders for allies: a - Attack new target. r - Retreat! s - Stop attacking. g - Guard the area. f - Follow me.
Anything else - Cancel.
Guard this area!
Your blazeheart core explodes!
The fiery explosion engulfs you!
You die...

.# #...#...# #....#
.# #...#...# #####.
.# .... #.......#
#. .# ....
#..##...##########.
.# .....
#...........#......
.# ....$
#.#...#####.#.#####
## ......#.#.###
#.#.# # .....)#.#.#
#.#.# # ....).☼☼@.#
#.#.# # .....#..##
#.#.# # ### #..#
#.#.# # #.## #.#.#
# ### #.#.# # #.#.#
# #.#.# #
#######.#.#
..........#


There were no monsters in sight!

Vanquished Creatures
  A phantom (D:6)
  An orc wizard (D:6)
  An orc (D:6)
  A bat (D:2)
  2 endoplasms
  A giant cockroach (D:4)
  A jackal (D:1)
  2 rats
10 creatures vanquished.

Vanquished Creatures (collateral kills)
  Grinder (D:5)
  Sigmund (D:6)
  Eustachio (D:6)
  A sky beast (D:6)
  A black bear (D:5)
  An orc warrior (D:6)
  An ogre (D:5)
  A phantom (D:6)
  2 kobold brigands (D:6)
  A bullfrog (D:6)
  2 scorpions
  A bombardier beetle (D:5)
  A hound (D:6)
  Crazy Yiuf (D:5)
  An orc priest (D:6)
  3 jellies
  5 iguanas
  4 orc wizards
  Ijyb (D:5)
  4 adders
  A ribbon worm (D:5)
  9 orcs
  2 bats
  3 endoplasms
  A giant cockroach (D:2)
  3 hobgoblins
  7 jackals
  10 kobolds
  3 quokkas
  2 ball pythons
  2 frilled lizards
  4 goblins
  4 rats
85 creatures vanquished.

Vanquished Creatures (others)
  A hobgoblin (D:4)
  A blazeheart core (D:6)
2 creatures vanquished.

Grand Total: 97 creatures vanquished

Notes
Turn   | Place    | Note
-------+----------+-------------------------------------------
     0 | D:1      | Hubris850 the Deep Elf Summoner began the quest for the
                  | Orb.
     0 | D:1      | Reached XP level 1. HP: 10/10 MP: 6/6
    80 | D:1      | Found a faded altar of an unknown god.
   347 | D:1      | Reached XP level 2. HP: 15/15 MP: 6/8
   571 | D:1      | Learned a level 2 spell: Call Imp
  1100 | D:2      | Reached XP level 3. HP: 19/19 MP: 7/10
  1360 | D:2      | You fall into a shaft and drop 2 floors!
  1373 | D:4      | Found a staircase to the Ecumenical Temple.
  1382 | Temple   | Entered the Ecumenical Temple
  1502 | Temple   | Became a worshipper of Ashenzari the Shackled
  1671 | D:4      | Reached XP level 4. HP: 13/24 MP: 7/11
  1767 | D:4      | Reached skill level 4 in Spellcasting
  1767 | D:4      | Reached skill level 5 in Summonings
  1870 | D:4      | Found a basalt altar of Yredelemnul.
  2489 | D:5      | Entered Level 5 of the Dungeon
  2520 | D:5      | Reached XP level 5. HP: 13/28 MP: 8/13
  2524 | D:5      | Learned a level 3 spell: Call Canine Familiar
  2720 | D:5      | Noticed a black bear
  2740 | D:5      | Killed a black bear
  2741 | D:5      | Reached skill level 5 in Spellcasting
  2741 | D:5      | Reached XP level 6. HP: 32/32 MP: 1/16
  2979 | D:5      | Reached skill level 6 in Spellcasting
  3204 | D:5      | Found a runed translucent door.
  3205 | D:5      | Noticed Crazy Yiuf
  3213 | D:5      | Killed Crazy Yiuf
  3214 | D:5      | Reached XP level 7. HP: 36/36 MP: 16/19
  3367 | D:5      | Noticed Grinder
  3382 | D:5      | Killed Grinder
  3383 | D:5      | Reached skill level 7 in Spellcasting
  3567 | D:5      | Noticed Ijyb
  3595 | D:5      | Killed Ijyb
  3966 | D:6      | Reached skill level 8 in Spellcasting
  3999 | D:6      | Reached * piety under Ashenzari
  4084 | D:6      | Reached XP level 8. HP: 41/41 MP: 16/22
  4269 | D:6      | Noticed Eustachio
  4310 | D:6      | Killed Eustachio
  4311 | D:6      | Reached skill level 9 in Spellcasting
  4441 | D:6      | Learned a level 4 spell: Summon Blazeheart Golem
  4503 | D:6      | Found a glowing golden altar of the Shining One.
  4543 | D:6      | Noticed Sigmund
  4555 | D:6      | Killed Sigmund
  4556 | D:6      | Reached skill level 10 in Spellcasting
  4556 | D:6      | Reached skill level 1 in Fire Magic
  4754 | D:6      | Killed by an exploding blazeheart core

Illustrated notes

Levels and vault maps discovered:
D:1:      lemuel_arrival_room, layout_basic, hellmonk_ecumenical_altar_blasted
D:2:      layout_loops_ring, grunt_ministairs_11, kennysheep_generic_room_16
D:4:      layout_loops_ring, mainiacjoe_overflow_small_starburst,
          minmay_temple_entry_statues_fountains
D:5:      layout_loops_cross, uniq_crazy_yiuf_cottage, uniq_ijyb, uniq_grinder
D:6:      layout_basic, kennysheep_mini, st_stairs_12,
          minmay_unpleasant_kobolds, uniq_eustachio, uniq_sigmund
Temple:   nicolae_temple_superstar

Skill      XL: |  1  2  3  4  5  6  7  8 |
---------------+-------------------------+-----
Stealth        | 3 4 |  4.0
Dodging        | 3 4 |  4.0
Spellcasting   | 4 5 6 8 10 | 10.3
Summonings     | 5 6 8 9 |  9.4
Fire Magic     | 2 |  2.6

Action                     |  1- 3 |  4- 6 |  7- 9 || total
---------------------------+-------+-------+-------++-------
  Melee: Short sword       |    18 |    13 |       ||    31
         Dagger            |    11 |       |       ||    11
         Quarterstaff      |       |       |    20 ||    20
   Cast: Summon Small Mamm |    59 |    34 |    15 ||   108
         Call Imp          |     4 |    15 |    12 ||    31
         Call Canine Famil |       |     4 |    13 ||    17
         Summon Blazeheart |       |       |     2 ||     2
 Invoke: Curse Item        |       |     1 |     1 ||     2
  Evoke: Wand              |       |       |     2 ||     2
    Use: Scroll            |       |       |     1 ||     1
   Stab: Sleeping          |     1 |       |       ||     1
         Distracted        |       |       |     1 ||     1
 Armour: Robe              |    21 |     8 |    13 ||    42
  Dodge: Dodged            |    30 |    11 |    11 ||    52

Table legend: (Time is in decaauts)
 A = Elapsed time spent in this place.
 B = Non-inter-level travel time spent in this place.
 C = Inter-level travel time spent in this place.
 D = Time resting spent in this place.
 E = Time spent auto-exploring this place.
 F = Levels seen in this place.
 G = Mean time per level.
                   A        B        C        D        E       F      G
               +--------+--------+--------+--------+--------+-----+--------+
         Total |   4756 |   4636 |    120 |    262 |   3058 |   6 |  792.7 |
       Dungeon |   4605 |   4516 |     89 |    262 |   3058 |   5 |  921.0 |
        Temple |    151 |    120 |     31 |      0 |      0 |   1 |  151.0 |
               +--------+--------+--------+--------+--------+-----+--------+

Top non-repeatable levels by time:
     D:5: 1443 daAuts
     D:4: 977 daAuts
     D:1: 966 daAuts
     D:6: 826 daAuts
     D:2: 392 daAuts
  Temple: 151 daAuts
